 Dungeon Crawl Stone Soup version 0.18.1-6-gd335043 (webtiles) character file.

157 M4edhros the Conjurer (level 5, -2/35 HPs)
             Began as a Mummy Conjurer on May 15, 2016.
             Killed by divine providence
             ... invoked by an orc priest
              (15 damage)
             ... on level 3 of the Dungeon.
             The game lasted 00:03:16 (1218 turns).

M4edhros the Conjurer (Mummy Conjurer)              Turns: 1218, Time: 00:03:17

Health: -2/35      AC: 10    Str: 11    XL:     5   Next: 15%
Magic:  8/8        EV:  2    Int: 15    God:
Gold:   78         SH:  0    Dex: 13    Spells: 1 memorised, 7 levels left

rFire  x . .     SeeInvis .     d - +2 spear (venom)
rCold  + . .     Gourm    .     f - +0 plate armour
rNeg   + + +     Faith    .     (no shield)
rPois  ∞         Spirit   .     (no helmet)
rElec  .         Dismiss  .     (no cloak)
rCorr  .         Reflect  .     (no gloves)
SustAt .         Harm     .     (no boots)
MR     .....                    (no amulet)
Stlth  ..........               (no ring)
                                (no ring)

@: not resistant to hostile enchantments, extremely unstealthy
A: no food or potions, fire vulnerability, cold resistance 1, negative energy
resistance 3, torment resistance, unbreathing
a: no special abilities


You were on level 3 of the Dungeon.
You were not hungry.

You visited 1 branch of the dungeon, and saw 4 of its levels.

You collected 78 gold pieces.

Inventory:

Hand Weapons
 c - a +0 hunting sling
 d - a +2 spear of venom (weapon)
Missiles
 h - 2 javelins (quivered)
Armour
 a - a +0 robe
 f - a +0 plate armour (worn)
Scrolls
 e - 2 scrolls of fog {unknown}
 g - a scroll of identify {unknown}
 j - a scroll of magic mapping {unknown}
Books
 b - a book of Conjurations

   Spells                             Type                      Level
   a - Magic Dart                     Conjuration                  1
   b - Searing Ray                    Conjuration                  2
   c - Dazzling Spray                 Conjuration/Hexes            3
   d - Fulminant Prism                Conjuration/Hexes            4
   e - Iskenderun's Mystic Blast      Conjuration                  4
   f - Iskenderun's Battlesphere      Conjuration/Charms           5
 i - a book of Necromancy

   Spells                             Type                      Level
   a - Pain                           Necromancy                   1
   b - Animate Skeleton               Necromancy                   1
   c - Vampiric Draining              Necromancy                   3
   d - Regeneration                   Charms/Necromancy            3
   e - Animate Dead                   Necromancy                   4
   f - Control Undead                 Necromancy                   4


   Skills:
 - Level 1.5 Dodging
 - Level 1.5 Stealth
 - Level 2.0 Spellcasting
 + Level 5.4 Conjurations


You had 7 spell levels left.
You knew the following spells:

 Your Spells              Type           Power        Failure   Level  Hunger
a - Magic Dart            Conj           ###.         100%        1    N/A

Dungeon Overview and Level Annotations

Branches:
Dungeon (4/15)
 Temple: D:4-7

Altars:
Qazlal


Innate Abilities, Weirdness & Mutations

You do not eat or drink.
Your flesh is vulnerable to fire.
You are immune to poison.
Your flesh is cold resistant.
You are immune to negative energy.
You are immune to unholy pain and torment.
You can survive without breathing.


Message History

Beogh smites you!
You hear a shout!
You are too injured to fight recklessly!
A quokka and an orc come into view.
The orc priest hits you with a whip.
Found a scroll labeled DINLO EMEPSOE.
You see here a leather armour.
You are too injured to fight recklessly!
You are too injured to fight recklessly!
You are too injured to fight recklessly!
You hit the orc priest.
The orc priest is poisoned.
The orc priest is moderately wounded.
The orc priest hits you but does no damage.
A rat and 2 orcs come into view.
The orc shouts! x2
You hit the orc priest.
The orc priest looks even sicker.
The orc priest is heavily wounded.
The orc priest calls down the wrath of Beogh upon you.
Beogh smites you!
You die...

##### ##### #...###
....#
##.#...#######....#
#>..)†.......@o...+
##†..#.#######..?.#
#......#.# .....r.
#.#....#.# .o...##
# #)...#.# ..r...#
....###.. .......
###### ### o?.....
.o.....


You could see an orc priest, 3 orcs, a quokka and a rat.

Vanquished Creatures
  An orc wizard (D:3)
  2 worker ants (D:4)
  A hound skeleton (D:4)
  An adder (D:3)
  A gnoll (D:1)
  An ooze (D:3)
  2 giant geckos
  4 orcs (D:3)
  A giant cockroach (D:3)
  8 goblins
  6 hobgoblins
  6 kobolds
  A quokka (D:4)
  A ball python (D:3)
  2 bats
  4 giant newts (D:1)
  2 rats (D:1)
44 creatures vanquished.

Notes
Turn   | Place    | Note
--------------------------------------------------------------
     0 | D:1      | M4edhros the Mummy Conjurer began the quest for the Orb.
     0 | D:1      | Reached XP level 1. HP: 13/13 MP: 3/3
   334 | D:1      | Reached XP level 2. HP: 4/19 MP: 0/5
   629 | D:1      | Reached skill level 4 in Conjurations
   693 | D:1      | Reached XP level 3. HP: 24/24 MP: 6/6
   776 | D:1      | You fall through a shaft!
   786 | D:2      | Found a stormy altar of Qazlal.
   999 | D:3      | Reached XP level 4. HP: 29/30 MP: 7/7
  1131 | D:4      | Reached skill level 5 in Conjurations
  1184 | D:4      | Noticed a water moccasin
  1186 | D:4      | Reached XP level 5. HP: 35/35 MP: 8/8
  1218 | D:3      | Killed from afar by an orc priest

Skill      XL: |  1  2  3  4 |
---------------+-------------+-----
Conjurations   | 4 5 |  5.4
Dodging        | |  1.5
Stealth        | |  1.5
Spellcasting   | |  2.0

Action                   |  1- 3 |  4- 6 || total
-------------------------+-------+-------++-------
Melee: Unarmed           |    15 |       ||    15
       Spear             |    74 |    47 ||   121
 Cast: Magic Dart        |    13 |       ||    13
Armor: Robe              |     8 |       ||     8
       Plate armour      |    31 |    33 ||    64
Dodge: Dodged            |    24 |     3 ||    27
